AoeStats
← dedekindcut

Socotra

504384467Analyzed
3v3 RM · 29d ago on Sep 5, 2026· 31m 18s· 6 players
Game mode
Random Map
Map size
128×128
Population
200
Speed
Normal
Resources
Standard
Victory
Conquest
Starting age
Dark Age
Ending age
Imperial Age
RankedLock teamsTeams togetherTeam positionsShared explorationLock speedFull tech treeHidden civsTurbo modeCheats
Victory
Defeat
🇺🇸 Portuguese · United States
954
+15
🇺🇸 Jurchens · United States
875
+19
🇺🇸 Celts · United States
860
+20
🇺🇸 Spanish · United States
936
-53
🇺🇸 Britons · United States
936
-53
🇺🇸 Vietnamese · United States
936
-53
dedekindcut
17:59 Feudal Age
19:54 Gold Mining
badcompankcode1
17:20 Feudal Age
17:44 Horse Collar
19:09 Wheelbarrow
21:47 Man-at-Arms
25:31 Town Watch
27:03 Double-Bit Axe
27:10 Stone Mining
30:52 Castle Age
Nayum
12:41 Feudal Age
13:17 Double-Bit Axe
14:21 Horse Collar
15:53 Gold Mining
20:14 Castle Age
18:17 Man-at-Arms
25:24 Thumb Ring
26:18 Long Swordsman
27:19 Town Watch
BlancoMano4
12:33 Feudal Age
14:02 Wheelbarrow
13:13 Horse Collar
13:22 Double-Bit Axe
14:32 Stone Mining
14:42 Gold Mining
16:02 Man-at-Arms
16:28 Arson
25:29 Castle Age
26:33 Elite Skirmisher
27:20 Padded Archer Armor
27:12 Fletching
27:23 Scale Mail Armor
27:34 Forging
27:30 Scale Barding Armor
28:07 Bow Saw
28:07 Heavy Plow
28:02 Long Swordsman
DARTH SLATER153
0:31 Loom
11:44 Feudal Age
12:12 Man-at-Arms
12:52 Gold Mining
16:47 Horse Collar
20:41 Scale Mail Armor
20:46 Double-Bit Axe
23:14 Stone Mining
26:33 Castle Age
25:24 Forging
27:52 Long Swordsman
getplenny
7:34 Loom
9:51 Feudal Age
15:21 Castle Age
13:58 Double-Bit Axe
18:27 Bow Saw
19:19 Horse Collar
25:53 Heavy Plow
26:31 Wheelbarrow
28:21 Husbandry
28:32 Bloodlines
29:02 Ballistics
29:09 Ballistics
32:19 Imperial Age
30:13 Hand Cart
30:03 Gold Mining
30:10 Stone Mining
Connection lost

Rejoining the realm…

Still unreachable

The connection could not be restored.

Session expired

The server has moved on; the page needs a fresh start.